 Dungeon Crawl Stone Soup version 0.32-a0-986-ga09f62fbf4 (webtiles) character file.

Game seed: 10083082578354512343

9209 jestert79 the Grappler (level 11, 0/99 HPs)
             Began as a Ghoul Monk on Apr 21, 2024.
             Was a High Priest of Sif Muna.
             Incinerated by a smoke demon (10 damage)
             ... with a pyre arrow
             ... on level 9 of the Dungeon.
             The game lasted 00:33:48 (10389 turns).

jestert79 the Grappler (Ghoul Monk)                Turns: 10389, Time: 00:33:48

Health: 0/99       AC:  4    Str: 18    XL:     11   Next: 42%
Magic:  4/14       EV: 15    Int: 17    God:    Sif Muna [*****.]
Gold:   448        SH:  0    Dex: 17    Spells: 8/14 levels left

rFire   . .          .
                       - Unarmed
rCold   + + .        (no shield)
rNeg    + + +        a - +0 robe
rPois   ∞            (no helmet)
rElec   .            J - +0 cloak
rCorr   +            c - +0 pair of gloves
SInv    .            (no boots)
Will    .....        E - amulet "Viunwi Faley" {rC+ Regen+ rCorr}
Stlth   +            u - +6 ring of intelligence
HPRegen 0.00/turn    I - +6 ring of dexterity
MPRegen 0.14/turn

%: no passive effects
@: confused, on fire, ambrosia-drunk, inhibited regen, glowing
A: claws 1, cold resistance 1, negative energy resistance 3, inhibited
regeneration, torment resistance 2, devour on kill
a: Renounce Religion, Channel Magic, Forget Spell, Divine Exegesis


You were on level 9 of the Dungeon.
You worshipped Sif Muna.
Sif Muna was extremely pleased with you.
You visited 1 branch of the dungeon, and saw 10 of its levels.
You also visited: Ossuary.

You collected 448 gold pieces.

Inventory:

Hand Weapons
 m - the +6 dagger of Vaff {antimagic, Will++}
   (You found it on level 2 of the Dungeon)

   Will++:    It greatly increases your willpower.
Missiles
 n - 33 poisoned darts (quivered)
 G - a curare-tipped dart
Armour
 a - a +0 robe (worn)
 c - a +0 pair of gloves (worn)
 J - a +0 cloak (worn)
Jewellery
 k - an amulet of the acrobat
 r - an amulet of magic regeneration
 u - a +6 ring of intelligence (left hand)
 E - the amulet "Viunwi Faley" (around neck) {rC+ Regen+ rCorr}
   (You found it on level 5 of the Dungeon)

   [amulet of regeneration]

   rC+:       It protects you from cold.
   Regen+:    It increases your rate of health regeneration.
   rCorr:     It protects you from acid and corrosion.
 I - a +6 ring of dexterity (right hand)
Wands
 l - a wand of paralysis (4)
 v - a wand of flame (20)
 x - a wand of digging (3)
 K - a wand of quicksilver (11)
 M - a wand of polymorph (16)
Scrolls
 h - a scroll of torment {unknown}
 j - a scroll of amnesia
 q - 3 scrolls of poison
 s - 2 scrolls of teleportation
 t - 2 scrolls of enchant weapon
 w - a scroll of enchant armour {unknown}
 y - 2 scrolls of revelation {unknown}
 B - 2 scrolls of butterflies {unknown}
 C - 3 scrolls of immolation
 L - a scroll of vulnerability {unknown}
 N - a scroll of brand weapon {unknown}
 P - a scroll of fog
Potions
 b - a potion of ambrosia
 d - 2 potions of attraction {unknown}
 f - 4 potions of cancellation
 g - 7 potions of curing
 i - 3 potions of resistance
 o - a potion of might
 p - a potion of haste
 z - a potion of invisibility
 A - a potion of enlightenment
 D - 2 potions of berserk rage
 F - a potion of lignification {unknown}
 H - 3 potions of magic {unknown}
 O - 3 potions of brilliance {unknown}


   Skills:
 - Level 9.7 Fighting
 - Level 2.7 Armour
 - Level 7.3 Dodging
 - Level 12.8 Unarmed Combat
 - Level 2.0 Spellcasting
 + Level 9.5 Ice Magic


You had 8 spell levels left.
You knew the following spells:

 Your Spells              Type           Power      Damage    Failure   Level
a - Frozen Ramparts       Ice            68%        1d11      1%          3
b - Ozocubu's Armour      Ice            34%        N/A       1%          3

Your spell library contained the following spells:

 Spells                   Type           Power      Damage    Failure   Level
 Apportation              Tloc           2%         N/A       19%         1
 Magic Dart               Conj           4%         1d3       19%         1
 Shock                    Conj/Air       4%         1d3       19%         1
 Blink                    Tloc           2%         N/A       28%         2
 Call Imp                 Summ           2%         N/A       28%         2
 Jinxbite                 Hex            2%         N/A       28%         2
 Lesser Beckoning         Tloc           2%         N/A       28%         2
 Inner Flame              Hex/Fire       1%         N/A       50%         3
 Metabolic Englaciation   Hex/Ice        8%         N/A       58%         5
 Brom's Barrelling Bould  Conj/Erth      1%         2d3       88%         4
 Flame Wave               Conj/Fire      1%         2d4       88%         4
 Fulminant Prism          Conj/Alch      0%         3d5       88%         4
 Leda's Liquefaction      Alch/Erth      0%         N/A       88%         4
 Petrify                  Alch/Erth      1%         N/A       88%         4
 Sticky Flame             Fire/Alch      1%         2d4       88%         4
 Alistair's Intoxication  Alch           0%         N/A       99%         5
 Fireball                 Conj/Fire      0%         3d3       99%         5
 Irradiate                Conj/Alch      0%         3d11      99%         5
 Malign Gateway           Summ/Tloc      0%         N/A       100%        7
 Manifold Assault         Tloc           0%         N/A       100%        7
 Summon Hydra             Summ           0%         N/A       100%        7
 Sublimation of Blood     Necr           Unusable   N/A       N/A         2

Dungeon Overview and Level Annotations

Branches:
Dungeon (10/15)            Temple (0/1) D:6            Lair (0/5) D:9
    Orc (0/2) D:9         Ossuary (visited)

Altars:
Ashenzari
Fedhas
Gozag
Okawaru
Qazlal
Sif Muna
Trog
Wu Jian

Shops:
D:6 :*

Annotations:
D:3 Terence
D:10 3 runed translucent doors, grrhawk's ghost, journeyman VSRe


Innate Abilities, Weirdness & Mutations

You are immune to poison.
You have sharp fingernails.
Your flesh is cold resistant. (rC+)
You are immune to negative energy. (rN+++)
You do not regenerate when monsters are visible.
You are immune to unholy pain and torment.
You thrive by killing the living.


Message History

You shake off the liquid fire.
Casting: Frozen Ramparts (safe; 1% risk of failure)
Confirm with . or Enter, or press ? or * to list all spells.
Casting: Frozen Ramparts (safe; 1% risk of failure)
Press: ? - help, Dir - look around, f - activate The walls around you are covered in ice.
Casting: Frozen Ramparts (safe; 1% risk of failure)
Confirm with . or Enter, or press ? or * to list all spells.
A film of ice covers your body!
Unknown command.
You start resting.
A smoke demon is nearby!
The wall freezes the smoke demon.
The smoke demon gestures at you. The pyre arrow hits you.
You are covered in intense liquid fire!
The heat melts your icy armour. The liquid fire burns you!
The wall freezes the smoke demon.
The smoke demon gestures at you. Something smites you!
* * * LOW HITPOINT WARNING * * *
The heat melts your icy armour.
Okay, then.
Unknown command.
Your icy armour cracks and falls away as you move.
The frozen ramparts melt away as you move.
You shake off some of the fire as you move.
The liquid fire burns you!
* * * LOW HITPOINT WARNING * * *
The smoke demon gestures at you. Something smites you!
* * * LOW HITPOINT WARNING * * *
You see here a basilisk corpse.
Unknown command.
Unknown command.
You are confused.
You feel invigorated. The liquid fire burns you!
You die...

...#≈#.......#.### .≈
###......##...# .
###.......#†#######
.≈≈#.....##.#..)).#
...≈≈#≈...###.#.###.# #######
.....≈....# #.....#.# #......
.[....#§..#########.####......
...§.###....3.....#.##.'......
.≈≈≈#≈...###@###.#.#..#......
# #.3...# #...#.#.'.######## §
###..)..# #####.#.#.#...# 4
≈###≈≈....## #...)[).#...ß.# .
.#.#......# ####'######...## #
. .........## ##..# ####'### .
.......### ####..## ##...
.####.### ###.....### #.>.
..###'### ##.........## ##...


You could see a smoke demon.

Vanquished Creatures
  A two-headed ogre (D:9)
  Maurice (D:7)
  Joseph (D:7)
  2 red devils
  2 wyverns
  A basilisk (D:9)
  13 yaks
  Menkaure (D:7)
  An acid dragon (D:9)
  Duvessa (D:5)
  3 water moccasins (D:9)
  4 orc warriors
  3 ice beasts
  2 ogres
  2 centaurs (D:8)
  2 phantoms (D:4)
  3 kobold brigands
  2 bullfrogs
  A gnoll sergeant (D:8)
  10 scorpions
  7 wights
  Dowan (D:5)
  9 killer bees
  3 jellies
  3 bombardier beetles
  4 centaur zombies (Ossuary)
  A human zombie (Ossuary)
  4 hounds
  8 orc priests
  2 sleepcaps
  An iguana (D:5)
  6 orc wizards
  4 scorpion zombies (Ossuary)
  3 mummies (Ossuary)
  4 gnolls
  3 adders
  A white imp (D:4)
  2 ufetubi (D:6)
  2 adder zombies (Ossuary)
  2 ribbon worms
  6 dart slugs
  38 orcs
  6 ball pythons
  7 endoplasms
  4 giant cockroaches
  A gnoll zombie (Ossuary)
  8 goblins
  10 hobgoblins
  4 jackals (D:3)
  23 kobolds
  2 quokkas
  4 ball python zombies (Ossuary)
  5 bats
  A frilled lizard (D:1)
  2 jackal zombies (Ossuary)
  5 orc zombies (Ossuary)
  5 rats
257 creatures vanquished.

Notes
Turn   | Place    | Note
-------+----------+-------------------------------------------
     0 | D:1      | jestert79 the Ghoul Monk began the quest for the Orb.
     0 | D:1      | Reached XP level 1. HP: 19/19 MP: 1/1
    29 | D:1      | Reached skill level 4 in Unarmed Combat
    29 | D:1      | Reached XP level 2. HP: 13/26 MP: 2/2
   241 | D:1      | Reached XP level 3. HP: 31/31 MP: 3/3
   425 | D:1      | Found a faded altar of an unknown god.
   438 | D:1      | Prayed at the altar of an unknown god.
   438 | D:1      | Became a worshipper of Sif Muna the Loreminder
   438 | D:1      | Reached * piety under Sif Muna
   438 | D:1      | Reached ** piety under Sif Muna
   600 | D:1      | Reached *** piety under Sif Muna
   940 | D:2      | Reached skill level 5 in Unarmed Combat
  1060 | D:2      | Identified the +6 dagger of Vaff {antimagic, Will++}
  1446 | D:2      | Reached XP level 4. HP: 38/38 MP: 4/4
  1567 | D:3      | Found a bloodstained altar of Trog.
  1697 | D:3      | Found an opulent altar of Gozag.
  1796 | D:3      | Reached skill level 6 in Unarmed Combat
  1818 | D:3      | Reached XP level 5. HP: 11/45 MP: 5/5
  1956 | D:3      | Noticed Terence
  2252 | D:4      | Reached **** piety under Sif Muna
  2602 | D:4      | Noticed a phantom
  2604 | D:4      | Reached skill level 7 in Unarmed Combat
  2612 | D:4      | Killed a phantom
  2613 | D:4      | Reached XP level 6. HP: 39/51 MP: 6/6
  2810 | D:4      | Reached skill level 8 in Unarmed Combat
  2963 | D:4      | Reached skill level 11 in Unarmed Combat
  2963 | D:4      | Reached XP level 7. HP: 69/69 MP: 7/7
  2991 | D:5      | Entered Level 5 of the Dungeon
  3187 | D:5      | Noticed Dowan
  3189 | D:5      | Noticed Duvessa
  3259 | D:5      | Found a broken altar of Ashenzari.
  3496 | D:5      | Reached XP level 8. HP: 75/75 MP: 8/8
  3539 | D:5      | Killed Duvessa
  3557 | D:5      | Killed Dowan
  3962 | D:5      | Found an iron altar of Okawaru.
  4369 | D:6      | Reached skill level 12 in Unarmed Combat
  4518 | D:6      | Found a sand-covered staircase.
  4541 | Ossuary  | Entered an ossuary
  4712 | Ossuary  | Reached XP level 9. HP: 78/82 MP: 9/9
  4739 | Ossuary  | Reached skill level 1 in Armour
  4743 | Ossuary  | Learned a level 3 spell: Frozen Ramparts
  4980 | Ossuary  | Reached skill level 1 in Ice Magic
  5248 | D:6      | Found Lutix's Tiny Tomes.
  5438 | D:5      | Identified the amulet "Viunwi Faley" {rC+ Regen+ rCorr}
  5732 | D:6      | Found Qylumag's Mass Market.
  5772 | D:6      | Found a staircase to the Ecumenical Temple.
  6177 | D:7      | Noticed Joseph
  6189 | D:7      | Killed Joseph
  6297 | D:7      | Found an ornate altar of the Wu Jian Council.
  6464 | D:7      | HP: 3/83 [orc warrior/+2 hand axe of flaming (2)]
  6786 | D:7      | Reached XP level 10. HP: 75/91 MP: 10/10
  6928 | D:7      | Found a stormy altar of Qazlal.
  6938 | D:7      | Found a blossoming altar of Fedhas.
  6976 | D:7      | Noticed Maurice
  6977 | D:7      | Paralysed by Maurice for 4 turns
  7038 | D:7      | Something stole the +6 dagger of Vaff {antimagic, Will++}
  7040 | D:7      | Something stole a +6 ring of dexterity
  7043 | D:7      | Killed Maurice
  7239 | D:7      | Noticed Menkaure
  7270 | D:7      | Killed Menkaure
  7442 | D:8      | Found a shimmering blue altar of Sif Muna.
  7545 | D:8      | Reached ***** piety under Sif Muna
  7631 | D:8      | Reached skill level 1 in Spellcasting
  8009 | D:8      | Reached skill level 5 in Ice Magic
  8684 | D:8      | Learned a level 3 spell: Ozocubu's Armour
  8863 | D:9      | Reached XP level 11. HP: 68/99 MP: 14/14
  8965 | D:9      | Found a staircase to the Lair.
  9094 | D:9      | Noticed a two-headed ogre
  9360 | D:9      | Received a gift from Sif Muna
  9398 | D:9      | Got Sif Muna's Octavo of the Lethal Door {god gift}
  9593 | D:9      | Killed a two-headed ogre
  9884 | D:10     | Entered Level 10 of the Dungeon
  9884 | D:10     | Found a runed translucent gate.
  9884 | D:10     | Found a runed translucent gate.
  9885 | D:10     | Found a runed translucent gate.
  9885 | D:10     | Noticed an orc knight
  9885 | D:10     | Noticed grrhawk's ghost (journeyman VSRe)
  9886 | D:10     | Noticed a purple ugly thing
 10023 | D:9      | Found a staircase to the Orcish Mines.
 10389 | D:9      | Incinerated by a smoke demon

Illustrated notes

Levels and vault maps discovered:
D:1:      ncdulo_lavacross, layout_loops_cross,
          ebering_ecumenical_altar_petrified, minivault_24,
          nicolae_twisty_statue_hallways
D:2:      layout_loops_corners
D:3:      layout_basic, bloody_trog, grunt_gozag_statues, uniq_terence
D:4:      layout_loops_ring, item_on_display_a
D:5:      layout_basic, okawaru_trees_1, nicolae_ashenzari_skybound,
          serial_curves, eino_curves_03, eino_curves_04, item_on_display_a,
          uniq_duvessa
D:6:      layout_basic, minmay_temple_entry_purple_smoke, enter_ossuary_3,
          minmay_shop_mass, chequers_serial_rivers_room_b, minivault_27,
          nicolae_shop_i_like_small_books_too, minivault_1
D:7:      layout_basic, grunt_temple_overflow_forces_of_nature,
          nicolae_wu_jian_wuxing_cycle, uniq_menkaure, uniq_joseph, uniq_maurice
D:8:      layout_basic, lemuel_crystal_altar
D:9:      layout_roguey, minmay_lair_entry_grove, hiddenorc2_lemuel,
          nicolae_where_there's_smoke
D:10:     layout_basic, gammafunk_ghost_split, uniq_fannar

Skill      XL: |  1  2  3  4  5  6  7  8  9 10 11 |
---------------+----------------------------------+-----
Unarmed Combat | 4 5 6 7 11 12 | 12.8
Fighting       | 8 9 |  9.7
Dodging        | 7 |  7.3
Armour         | 2 |  2.7
Ice Magic      | 3 6 9 |  9.5
Spellcasting   | 2 |  2.0

Action                     |  1- 3 |  4- 6 |  7- 9 | 10-12 || total
---------------------------+-------+-------+-------+-------++-------
  Melee: Unarmed           |    83 |   108 |   255 |   331 ||   777
         Punch             |       |       |    17 |    23 ||    40
  Throw: Dart              |       |       |     4 |     6 ||    10
   Cast: Frozen Ramparts   |       |       |       |    10 ||    10
         Ozocubu's Armour  |       |       |       |     6 ||     6
  Evoke: Wand              |       |       |     1 |     8 ||     9
    Use: Scroll            |       |    10 |     6 |     4 ||    20
         Potion            |       |     1 |       |     2 ||     3
   Stab: Distracted        |       |       |     1 |       ||     1
         Paralysed         |       |       |       |     2 ||     2
 Armour: Robe              |    35 |    42 |   140 |   182 ||   399
  Dodge: Dodged            |    39 |    53 |   127 |   177 ||   396

Table legend: (Time is in decaauts)
 A = Elapsed time spent in this place.
 B = Non-inter-level travel time spent in this place.
 C = Inter-level travel time spent in this place.
 D = Time resting spent in this place.
 E = Time spent auto-exploring this place.
 F = Levels seen in this place.
 G = Mean time per level.
                   A        B        C        D        E       F      G
               +--------+--------+--------+--------+--------+-----+--------+
         Total |  10244 |   9522 |    722 |   1348 |   5585 |  11 |  931.3 |
       Dungeon |   9664 |   8942 |    722 |   1159 |   5418 |  10 |  966.4 |
       Ossuary |    580 |    580 |      0 |    189 |    167 |   1 |  580.0 |
               +--------+--------+--------+--------+--------+-----+--------+

Top non-repeatable levels by time:
     D:9: 1422 daAuts
     D:7: 1314 daAuts
     D:5: 1305 daAuts
     D:8: 1260 daAuts
     D:6: 1120 daAuts
     D:4: 964 daAuts
     D:1: 812 daAuts
     D:2: 750 daAuts
     D:3: 618 daAuts
 Ossuary: 580 daAuts
    D:10: 95 daAuts
